 Dungeon Crawl Stone Soup version 0.30-a0-140-gd1020e658a (webtiles) character file.

Game seed: 2804259072869389394

58 Bnni the Trooper (level 3, -1/29 HPs)
             Began as a Demonspawn Fighter on Sept 24, 2022.
             Slain by a gnoll
             ... wielding a +0 halberd
              (3 damage)
             ... on level 2 of the Dungeon.
             The game lasted 00:01:26 (899 turns).

Bnni the Trooper (Demonspawn Fighter)                Turns: 899, Time: 00:01:26

Health: -1/29      AC:  7    Str: 18    XL:     3   Next: 75%
Magic:  3/3        EV:  9    Int:  9    God:
Gold:   63         SH:  4    Dex: 12    Spells: 2/2 levels left

rFire   . . .      SeeInvis .    a - +0 flail
rCold   . . .      Faith    .    c - +0 buckler
rNeg    . . .      Spirit   .    b - +0 scale mail
rPois   .          Reflect  .    i - +0 helmet
rElec   .          Harm     .    (no cloak)
rCorr   .          Rampage  .    (no gloves)
Will    .....                    (no boots)
Stlth   ..........               (no amulet)
HPRegen 0.09/turn                (no ring)
MPRegen 0.08/turn                (no ring)

@: mighty
A: weakness stinger 2
a: no special abilities


You were on level 2 of the Dungeon.
You visited 1 branch of the dungeon, and saw 2 of its levels.

You collected 63 gold pieces.

Inventory:

Hand Weapons
 a - a +0 flail (weapon)
Armour
 b - a +0 scale mail (worn)
 c - a +0 buckler (worn)
 i - a +0 helmet (worn)
Scrolls
 e - 3 scrolls of poison {unknown}
 l - a scroll of immolation {unknown}
Potions
 f - a potion of invisibility {unknown}
 g - a potion of heal wounds {unknown}
 h - a potion of attraction {unknown}
 j - a potion of mutation {unknown}
 k - a potion of lignification {unknown}


   Skills:
 + Level 3.6 Fighting
 * Level 3.2 Maces & Flails
 - Level 2.6 Armour
 - Level 2.6 Shields


You had 2 spell levels left.
You didn't know any spells.
Your spell library contained the following spells:

 Spells                   Type           Power      Damage    Failure   Level
 Ensorcelled Hibernation  Hex/Ice        0%         N/A       95%         2
 Passwall                 Tmut/Erth      0%         N/A       95%         2
 Swiftness                Air            0%         N/A       99%         3


Dungeon Overview and Level Annotations

Branches:
Dungeon (2/15)

Altars:
Kikubaaqudgha


Innate Abilities, Weirdness & Mutations

You have a tail ending in a sharp stinger.


Message History

The gnoll hits you but does no damage.
You closely miss the gnoll.
The gnoll is lightly wounded.
The gnoll hits you with a +0 whip.
You closely miss the gnoll.
The gnoll is lightly wounded.
The gnoll hits you with a +0 whip. The gnoll barely misses you.
You barely miss the gnoll.
Your tail-slap misses the gnoll.
The gnoll is lightly wounded.
The gnoll hits you but does no damage.
You closely miss the gnoll.
The gnoll is lightly wounded.
The gnoll hits you with a +0 whip.
You hit the gnoll.
The gnoll is moderately wounded.
The gnoll misses you. You block the gnoll's attack.
You sock the gnoll!
You kill the gnoll!
The adder bites you but does no damage.
You feel very mighty all of a sudden. The adder bites you but does no damage.
The gnoll hits you from afar with a +0 halberd!
You closely miss the adder. You tail-slap the adder.
The adder is moderately wounded.
The adder barely misses you. The gnoll hits you but does no damage.
The adder bites you but does no damage.
You closely miss the adder.
The adder is moderately wounded.
The adder bites you.
The gnoll hits you from afar with a +0 halberd.
* * * LOW HITPOINT WARNING * * *
The adder attacks as you move away! The adder closely misses you. x2
You thump the adder!
You kill the adder!
The gnoll hits you from afar with a +0 halberd.
* * * LOW HITPOINT WARNING * * *
The gnoll closely misses you.
You barely miss the gnoll. The gnoll barely misses you.
The gnoll hits you with a +0 halberd.
You die...

.).....#........### #....#
.............##...# #.#### ###
..>....#####.####.###.# ###.#
....... #..# #..#..####...#
.......#####..# ##.)...##..#.#
....<..#......###...##..#.##.#
....g..#......##...####.#.##.#
..[.!........g##.#.####.#.##.#
.............gg@.#........#..#
....########..####...##.###.##
##. #.## #...##.# #.# #.#
##.#.##.###.# ...
............# ###.
##..#....##### . #.####..# ..
#..# #..#


You could see 3 gnolls.

Vanquished Creatures
  A gnoll (D:2)
  An adder (D:2)
  2 dart slugs (D:1)
  5 ball pythons (D:1)
  3 bats (D:1)
  3 endoplasms (D:1)
  4 goblins (D:1)
  3 hobgoblins (D:1)
  7 kobolds
  2 frilled lizards
  2 rats (D:1)
33 creatures vanquished.

Notes
Turn   | Place    | Note
-------+----------+-------------------------------------------
     0 | D:1      | Bnni the Demonspawn Fighter began the quest for the Orb.
     0 | D:1      | Reached XP level 1. HP: 18/18 MP: 1/1
    86 | D:1      | Gained mutation: You have a small tail. [demonic ancestry]
    86 | D:1      | Reached XP level 2. HP: 24/24 MP: 2/2
   491 | D:1      | Gained mutation: You have a tail ending in a sharp stinger.
                  | [demonic ancestry]
   491 | D:1      | Reached XP level 3. HP: 23/29 MP: 3/3
   856 | D:2      | Found an ancient bone altar of Kikubaaqudgha.
   899 | D:2      | Slain by a gnoll

Illustrated notes

Levels and vault maps discovered:
D:1:      dpeg_arrival_rooms_with_view, layout_basic, minmay_fountain_box
D:2:      layout_rooms, basic_altar, shapermc_ecumenical_altar_totnotflames,
          uniq_jessica

Skill      XL: |  1  2  3 |
---------------+----------+-----
Maces & Flails | 2 3 |  3.2
Fighting       | |  3.6
Armour         | |  2.6
Shields        | |  2.6

Action                   || total
-------------------------++-------
Melee: Flail             ||    74
       Tailslap          ||     8
  Use: Potion            ||     1
Armor: Scale mail        ||    29
Dodge: Dodged            ||    30
Block: Buckler           ||    13

Table legend: (Time is in decaauts)
 A = Elapsed time spent in this place.
 B = Non-inter-level travel time spent in this place.
 C = Inter-level travel time spent in this place.
 D = Time resting spent in this place.
 E = Time spent auto-exploring this place.
 F = Levels seen in this place.
 G = Mean time per level.
                   A        B        C        D        E       F      G
               +--------+--------+--------+--------+--------+-----+--------+
         Total |    922 |    909 |     13 |      0 |    701 |   2 |  461.0 |
       Dungeon |    922 |    909 |     13 |      0 |    701 |   2 |  461.0 |
               +--------+--------+--------+--------+--------+-----+--------+

Top non-repeatable levels by time:
     D:1: 784 daAuts
     D:2: 137 daAuts
